 Dungeon Crawl Stone Soup version 0.15-a0-1828-g04ddf54 (webtiles) character file.

86 Charly the Insei (level 4, -2/32 HPs)
             Began as a Merfolk Transmuter on July 2, 2014.
             Slain by Amnesiac's ghost (7 damage)
             ... on Level 4 of the Dungeon.
             The game lasted 00:16:09 (1438 turns).

Charly the Insei (Merfolk Transmuter)               Turns: 1438, Time: 00:16:10

HP  -2/32        AC  2     Str 10      XL: 4   Next: 49%
MP   0/7         EV 21     Int 13      God:
Gold 53          SH  0     Dex 19      Spells:  3 memorised,  1 level left

rFire  . . .     SeeInvis .     i - melded -1 sling (curse)
rCold  + . .     Clarity  .     c - melded +0 robe
rNeg   . . .     rCorr    .     (shield currently unavailable)
rPois  x         rRot     .     (helmet currently unavailable)
rElec  .         Spirit   .     (cloak currently unavailable)
SustAb .         Warding  .     (gloves currently unavailable)
rMut   .         Stasis   .     (boots currently unavailable)
Gourm  .                        (no amulet)
MR     .....                    (no ring)
                                j - ring of protection from cold

@: spider-form, very slightly contaminated, not resistant to hostile
enchantments, unstealthy
A: (change form in water), (swift swim)
a: End Transformation


You were on level 4 of the Dungeon.
You were very hungry.
You were in spider-form.
You visited 1 branch of the dungeon, and saw 4 of its levels.

You collected 53 gold pieces.

Inventory:

Hand weapons
 a - a +0 sling
 i - a cursed -1 sling (melded)
Missiles
 b - 8 arrows
 h - a sling bullet
 m - 4 tomahawks (quivered)
Armour
 c - a +0 robe (melded)
Comestibles
 e - a bread ration
 l - a rotting chunk of orc flesh
 o - a beef jerky
Scrolls
 n - a scroll of magic mapping
Jewellery
 j - a ring of protection from cold (left front leg)
Potions
 f - a potion of heal wounds
 g - a potion of degeneration {unknown}
 k - 2 potions of magic
 p - a potion of lignification {unknown}
Books
 d - a book of Changes

   Spells                             Type                      Level
   *Beastly Appendage                 Transmutation                1
   *Sticks to Snakes                  Transmutation                2
   *Spider Form                       Transmutation/Poison         3
   Ice Form                           Ice/Transmutation            4
   Blade Hands                        Transmutation                5


   Skills:
 - Level 1.1 Fighting
 - Level 2.6 Dodging
 + Level 4.9 Unarmed Combat
 - Level 2.0 Spellcasting
 + Level 3.8 Transmutations
 * Level 1.2 Poison Magic


You had one spell level left.
You knew the following spells:

 Your Spells              Type           Power        Failure   Level  Hunger
b - Beastly Appendage     Trmt           ##....       21%         1    ##.....
s - Sticks to Snakes      Trmt           ##........   24%         2    ###....
S - Spider Form           Trmt/Pois      #.........   50%         3    ####...


Dungeon Overview and Level Annotations

Branches:
Dungeon (4/15)
 Temple: D:4-7

Altars:
Fedhas
Gozag
Qazlal
The Shining One

Annotations:
D:3 vYxOr's ghost, average SpMo
D:4 Amnesiac's ghost, average DDNe


Message History

You shoot a sling bullet. The sling bullet hits Amnesiac's ghost.
Amnesiac's ghost is severely damaged.
Amnesiac's ghost hits you.
* * * LOW HITPOINT WARNING * * *
Firing (i - inventory. (,) - cycle):
h - 2 sling bullets (quivered)
Press: ? - help, Shift-Dir - straight line, f/p - Amnesiac's ghost
Aim: Amnesiac's ghost (severely damaged)
You shoot a sling bullet. The sling bullet hits Amnesiac's ghost.
Amnesiac's ghost is severely damaged.
Amnesiac's ghost casts a spell at you. Pain shoots through your body!
* * * LOW HITPOINT WARNING * * *
Casting: Spider Form
Confirm with . or Enter, or press ? or * to list all spells.
You turn into a venomous arachnid creature.
Your cursed -1 sling melds into your body.
Your +0 robe melds into your body.
You are feeling very hungry.
Amnesiac's ghost hits you!
You die...

r#.⌠.#........#......
≈#...#........#......
≈≈###≈.............#
≈≈≈≈≈..............##
≈≈≈≈≈...............#
≈≈###≈..|....r..r...##
≈#...#$.......W...b..#
.#.⌠.#........####.#.#
.#...#........#.sWr#
..###..########.####
.......# #. ########
#. #### #. .... #.
.... #. .... #. .... .


You could see Amnesiac's ghost and a rat.

Vanquished Creatures
  4 adders
  A green rat (D:3)
  A worm (D:2)
  2 giant geckos (D:3)
  2 oozes (D:3)
  An orc (D:3)
  4 bats
  6 goblins
  3 hobgoblins
  2 jackals (D:1)
  A quokka (D:3)
  A ball python (D:1)
  A giant cockroach (D:1)
  2 giant newts
  2 kobolds
  3 rats
36 creatures vanquished.

Notes
Turn   | Place    | Note
--------------------------------------------------------------
     0 | D:1      | Charly, the Merfolk Transmuter, began the quest for the Orb.
     0 | D:1      | Reached XP level 1. HP: 15/15 MP: 3/3
    92 | D:1      | Reached XP level 2. HP: 16/21 MP: 4/4
   174 | D:1      | Learned a level 2 spell: Sticks to Snakes
   262 | D:2      | Reached skill level 4 in Unarmed Combat
   338 | D:2      | You fall through a shaft!
   385 | D:3      | Reached XP level 3. HP: 21/26 MP: 1/6
   435 | D:3      | Learned a level 3 spell: Spider Form
   550 | D:2      | Found a blossoming altar of Fedhas.
   885 | D:2      | Reached XP level 4. HP: 11/32 MP: 7/7
  1009 | D:3      | Noticed vYxOr's ghost (average SpMo)
  1037 | D:3      | Reached skill level 1 in Poison Magic
  1121 | D:3      | Found a stormy altar of Qazlal.
  1186 | D:3      | Found an opulent altar of Gozag.
  1346 | D:4      | Found a glowing golden altar of the Shining One.
  1385 | D:4      | Noticed Amnesiac's ghost (average DDNe)
  1438 | D:4      | Slain by Amnesiac's ghost

Action                   |  1- 3 |  4- 6 || total
-------------------------+-------+-------++-------
Melee: Unarmed           |    49 |    25 ||    74
       Sling             |       |     1 ||     1
 Fire: Sling             |    84 |    32 ||   116
Throw: Tomahawk          |    16 |     2 ||    18
 Cast: Beastly Appendage |     7 |       ||     7
       Sticks to Snakes  |     4 |       ||     4
       Spider Form       |       |     5 ||     5
  Use: Potion            |     3 |     1 ||     4
       Scroll            |     4 |       ||     4
